 Dungeon Crawl Stone Soup version 0.17-a0-417-gc4a8610 (webtiles) character file.

379 Pikaro the Chucker (level 6, -2/66 HPs)
             Began as an Ogre Arcane Marksman on Apr 3, 2015.
             Slain by a crimson imp (4 damage)
             ... summoned by Natasha
             ... on level 4 of the Dungeon.
             The game lasted 00:15:00 (6307 turns).

Pikaro the Chucker (Ogre Arcane Marksman)           Turns: 6307, Time: 00:15:00

Health: -2/66      AC:  3    Str: 18    XL:     6   Next: 74%
Magic:  7/7        EV: 10    Int: 13    God:
Gold:   157        SH:  0    Dex:  9    Spells: 1 memorised, 6 levels left

rFire  . . .     SeeInvis +     h - +0 whip
rCold  . . .     Clarity  .     i - +0 robe (curse)
rNeg   . . .     SustAb   .     (no shield)
rPois  .         Gourm    .     q - +1 hat
rElec  .         Spirit   .     (no cloak)
rCorr  .         Warding  .     (gloves unavailable)
rMut   .         Stasis   .     (boots unavailable)
MR     +....                    (no amulet)
Stlth  +.........               (no ring)
                                v - ring of see invisible {sInv, !d}

@: lethally poisoned (-2 -> -11), starving, somewhat resistant to hostile
enchantments, very unstealthy
A: unfitting armour, deformed body, magic resistance 1, spit poison 1, tough
skin 1
a: Spit Poison


You were on level 4 of the Dungeon.
You were starving.

You visited 1 branch of the dungeon, and saw 4 of its levels.

You collected 157 gold pieces.

Inventory:

Hand weapons
 h - a +0 whip (weapon)
   (You took it off a gnoll on level 2 of the Dungeon)
Missiles
 c - 44 poisoned needles
 e - 2 throwing nets {=f, !d}
 r - 91 stones (quivered)
Armour
 i - a cursed +0 robe (worn)
   (You found it on level 1 of the Dungeon)
 q - a +1 hat (worn)
   (You found it on level 3 of the Dungeon)
Jewellery
 v - a ring of see invisible (left hand) {sInv, !d}
   (You found it on level 3 of the Dungeon)
Magical devices
 x - a wand of frost (30)
   (You took it off Robin on level 4 of the Dungeon)
Scrolls
 b - a scroll of recharging {unknown}
 g - 2 scrolls of random uselessness {unknown}
 k - 3 scrolls of fog {unknown}
 l - a scroll of noise {unknown}
 m - 2 scrolls of teleportation {unknown}
 p - 2 scrolls of amnesia {unknown}
 s - a scroll of remove curse {unknown}
 u - a scroll of identify {unknown}
 w - a scroll of enchant weapon {unknown}
Potions
 j - 3 potions of restore abilities
 t - a potion of degeneration {unknown}
 z - a potion of haste
Books
 d - a book of Debilitation
Comestibles
 a - 2 beef jerkies
 f - 3 bread rations
 n - 7 fruits


   Skills:
 + Level 5.0 Fighting
 + Level 4.1 Maces & Flails
 + Level 5.2 Throwing
 - Level 1.7 Dodging
 - Level 1.2 Spellcasting
 - Level 2.1 Hexes


You had 6 spell levels left.
You knew the following spells:

 Your Spells              Type           Power        Failure   Level  Hunger
A - Corona                Hex            #......      14%         1    ##.....


Dungeon Overview and Level Annotations

Branches:
Dungeon (4/15)
 Temple: D:4-7

Altars:
Xom

Annotations:
D:4 Dowan, Natasha


Innate Abilities, Weirdness & Mutations

You are too large for most types of armour.
You have tough skin (AC +1).
Armour fits poorly on your strangely shaped body.
You are resistant to hostile enchantments.
You can spit weak poison.


Message History

You start resting.
You are near starving!
You regained 12 hp, and now have 55/66 hp.
You start resting.
Health restored: 66; Total turns waited: 106
f - 2 bread rations (gained 1)
g - a scroll labeled GAYTSU CUNNYGG
g - 2 scrolls labeled GAYTSU CUNNYGG (gained 1)
o - a bubbling ruby potion
t - a dark potion
f - 3 bread rations (gained 1) Natasha, Servant of Life and Death comes into view.
Aim: Natasha You throw a stone.
The stone barely misses Natasha.
Aim: Natasha You throw a stone.
The stone hits Natasha.
Aim: Natasha You throw a stone.
The stone hits Natasha.
Aim: Natasha (lightly wounded)
You throw a stone. The stone hits Natasha.
Natasha casts a spell.
Suddenly you are surrounded with a pale green light.
Natasha stares at you and mumbles some strange words.
The magic dart hits you!
You take 10 damage, and have 56/66 hp.
Aim: Natasha (moderately wounded)
You throw a stone. The stone barely misses Natasha.
Aim: Natasha (moderately wounded)
You throw a stone. The stone misses Natasha.
Natasha casts a spell.
Suddenly you are surrounded with a pale green light.
Natasha casts a spell at you. The magic dart hits you!
You take 5 damage, and have 51/66 hp.
Aim: Natasha (moderately wounded)
You throw a stone. The stone hits Natasha.
Natasha casts a spell.
Natasha claws you! The crimson imp closely misses you.
You take 7 damage, and have 44/66 hp.
You closely miss Natasha. Natasha barely misses you.
You hit Natasha but do no damage.
The crimson imp hits you but does no damage.
Natasha barely misses you.
You closely miss Natasha.
The crimson imp hits you but does no damage.
Natasha claws you.
You take 6 damage, and have 39/66 hp.
Aim: Natasha (moderately wounded, chance 40%) Natasha resists with significant effort.
The crimson imp hits you. Natasha claws you.
You take 6 damage, and have 33/66 hp.
You now have 6/7 mp.
You hit Natasha. The crimson imp hits you. Natasha closely misses you.
You take 1 damage, and have 32/66 hp.
HP below 50%!
You barely miss Natasha. The crimson imp barely misses you.
Natasha extends her claws.
Natasha claws you.
You take 4 damage, and have 28/66 hp.
You are starving!
You hit Natasha. The crimson imp hits you.
You take 1 damage, and have 27/66 hp.
You hit Natasha but do no damage. Natasha closely misses you.
The crimson imp hits you but does no damage.
You hit Natasha. Natasha misses you. The crimson imp hits you.
You take 1 damage, and have 26/66 hp.
You barely miss Natasha. Natasha claws you. The crimson imp closely misses you.
You take 2 damage, and have 24/66 hp.
You completely miss Natasha. Natasha claws you.
You take 1 damage, and have 23/66 hp.
You barely miss Natasha.
The crimson imp blinks!
Natasha claws you but does no damage.
You miss Natasha. Natasha claws you!
* * * LOW HITPOINT WARNING * * *
You take 9 damage, and have 14/66 hp.
HP below 25%!
You hit Natasha but do no damage.
Natasha hisses.
Natasha closely misses you.
MP restored: 7 You barely miss Natasha.
The crimson imp disappears in a puff of smoke!
Natasha claws you.
* * * LOW HITPOINT WARNING * * *
You take 1 damage, and have 13/66 hp.
You closely miss Natasha. You hit Natasha.
Natasha casts a spell.
You hit Natasha but do no damage.
Natasha mumbles some strange words.
You hit Natasha but do no damage. Natasha claws you.
* * * LOW HITPOINT WARNING * * *
You take 2 damage, and have 12/66 hp.
You closely miss Natasha. The shadow imp barely misses you. Natasha claws you!
* * * LOW HITPOINT WARNING * * *
You take 8 damage, and have 4/66 hp.
Drink which item? (? for menu, Esc to quit)
It was a potion of poison.
That liquid tasted very nasty...
You are lethally poisoned!
* * * LOW HITPOINT WARNING * * *
You feel sick. The shadow imp barely misses you. The crimson imp hits you.
You die...

.## .........
.<....(.. #.........
#...(.>...+ #...(....
#...(..# . #5h5..#..
#.@.#.#.# #...#.#.#
#########...#.#.#
.........##.#.#.#...
.........##.#.#.#....
.........##...#.#...#
########.####.#.#...#
#.# #.####+..#...#
#.# #.##.........#


You could see Natasha, a crimson imp and a shadow imp.

Vanquished Creatures
  Duvessa (D:4)
  The ghost of Pikaro the Firebug, an average OgFE (D:3)
  A worker ant (D:4)
  Robin (D:4)
  5 adders
  3 gnolls (D:2)
  2 worms (D:2)
  5 giant geckos
  2 orcs
  A giant cockroach (D:1)
  17 goblins
  11 hobgoblins
  A quokka (D:2)
  10 bats
  2 giant newts (D:1)
  10 kobolds
  5 rats
  2 bushes (D:2)
80 creatures vanquished.

Notes
Turn   | Place    | Note
--------------------------------------------------------------
     0 | D:1      | Pikaro, the Ogre Arcane Marksman, began the quest for the Orb.
     0 | D:1      | Reached XP level 1. HP: 19/19 MP: 2/2
   372 | D:1      | Reached skill level 3 in Throwing
   372 | D:1      | Reached XP level 2. HP: 18/27 MP: 3/3
   875 | D:2      | Reached XP level 3. HP: 25/35 MP: 4/4
  1124 | D:2      | Reached skill level 2 in Fighting
  1124 | D:2      | Reached skill level 1 in Maces & Flails
  1362 | D:2      | Reached XP level 4. HP: 40/44 MP: 5/5
  1448 | D:2      | Reached skill level 2 in Maces & Flails
  1531 | D:2      | Reached skill level 4 in Throwing
  1540 | D:2      | HP: 9/44 [adder (4)]
  1542 | D:2      | Gained mutation: You are resistant to hostile enchantments. [potion of mutation]
  1542 | D:2      | Gained mutation: Armour fits poorly on your strangely shaped body. [potion of mutation]
  1542 | D:2      | Gained mutation: You can spit weak poison. [potion of mutation]
  1545 | D:2      | HP: 4/44 [poisoned by an adder]
  1552 | D:2      | HP: 3/44 [poisoned by an adder]
  1560 | D:2      | HP: 2/44 [poisoned by an adder]
  3071 | D:2      | Reached skill level 3 in Fighting
  3687 | D:3      | Reached XP level 5. HP: 48/53 MP: 6/6
  3721 | D:3      | Found a shimmering altar of Xom.
  3785 | D:3      | Noticed Pikaro's ghost (average OgFE)
  3799 | D:3      | HP: 11/53 [Pikaro's ghost/flame tongue (15)]
  4651 | D:3      | HP: 12/53 [Pikaro's ghost/flame tongue (9)]
  4656 | D:3      | HP: 9/53 [Pikaro's ghost (3)]
  4668 | D:3      | Killed Pikaro's ghost
  4668 | D:3      | Reached skill level 4 in Fighting
  4668 | D:3      | Reached skill level 3 in Maces & Flails
  4668 | D:3      | Reached XP level 6. HP: 40/62 MP: 7/7
  4956 | D:4      | Noticed Robin
  5388 | D:4      | Killed Robin
  5927 | D:4      | Noticed Dowan
  5928 | D:4      | Noticed Duvessa
  5936 | D:4      | Killed Duvessa
  5936 | D:4      | Reached skill level 5 in Fighting
  5936 | D:4      | Reached skill level 4 in Maces & Flails
  5936 | D:4      | Reached skill level 5 in Throwing
  6278 | D:4      | Noticed Natasha
  6299 | D:4      | HP: 14/66 [Natasha (9)]
  6305 | D:4      | HP: 12/66 [Natasha (2)]
  6306 | D:4      | HP: 4/66 [Natasha (8)]
  6307 | D:4      | Slain by a crimson imp

Action                   |  1- 3 |  4- 6 || total
-------------------------+-------+-------++-------
Melee: Unarmed           |    63 |       ||    63
       Club              |    24 |       ||    24
       Whip              |       |   722 ||   722
Throw: Large rock        |    24 |    38 ||    62
       Throwing net      |       |     3 ||     3
       Stone             |       |    14 ||    14
 Cast: Corona            |     2 |     7 ||     9
  Use: Potion            |       |     7 ||     7
       Scroll            |       |     2 ||     2
 Stab: Held in net/web   |       |     1 ||     1
  Eat: Chunk             |     1 |     7 ||     8
       Bread ration      |       |     2 ||     2

Vault maps used:
D:1:      minmay_arrival_solitary_statue
D:2:      serial_forest, infiniplex_forest_straight_4, infiniplex_forest_end_3,
          infiniplex_forest_lined_3_way, infiniplex_forest_clump_C,
          infiniplex_forest_straight_4, infiniplex_forest_clump_long,
          infiniplex_forest_clump_tiny
D:3:      xom_teletrap_fun
D:4:      nemelex_altar_shiori, serial_co_window_serial, co_window_paths_a,
          co_window_paths_a, co_window_of_opportunity_a, co_window_corner_a,
          co_window_of_opportunity_a, co_window_corner_cb, co_window_2corner,
          co_window_broadway_b, co_window_unsneaky_path_d, glass_columns_a,
          first_bread, dk_noncrumbling_4, minmay_bad_closet, uniq_robin,
          uniq_natasha, uniq_duvessa

Table legend:
 A = Turns spent in this place as a percentage of turns spent in the entire game.
 B = Non-inter-level travel turns spent in this place as a percentage of non-inter-level travel turns spent in the entire game.
 C = Inter-level travel turns spent in this place as a percentage of turns spent in this place.
 D = Turns resting spent in this place as a percentage of non-inter-level travel turns spent in this place.
 E = Turns spent auto-exploring this place as a percentage of non-inter-level travel turns spent in this place.
 F = Non-inter-level travel turns spent in this place divided by the number of levels of this place that you've seen.
                   A       B       C       D       E      F
               +-------+-------+-------+-------+-------+----------------------
         Total | 100.0 | 100.0 |   0.2 |   6.1 |   4.6 | 448.8
       Dungeon | 100.0 | 100.0 |   0.2 |   6.1 |   4.6 | 448.8
               +-------+-------+-------+-------+-------+----------------------

Table legend:
 A = Kills in this place as a percentage of kills in entire the game.
 B = Kills by you in this place as a percentage of kills by you in the entire game.
 C = Kills by friends in this place as a percentage of kills by friends in the entire game.
 D = Other kills in this place as a percentage of other kills in the entire game.
 E = Experience gained in this place as a percentage of experience gained in the entire game.
 F = Experience gained in this place divided by the number of levels of this place that you have seen.
                   A       B       C       D       E      F
               +-------+-------+-------+-------+-------+----------------------
         Total | 100.0 | 100.0 |  -nan |  -nan | 100.0 | 135.5
       Dungeon | 100.0 | 100.0 |  -nan |  -nan | 100.0 | 135.5
               +-------+-------+-------+-------+-------+----------------------
